 Dungeon Crawl Stone Soup version 0.24-a0-475-g5b41c6f198 (webtiles) character file.

Game seed: 17981033863007560356

308 myga the Insei (level 6, -5/47 HPs)
             Began as a Gnoll Transmuter on July 5, 2019.
             Was a Follower of Qazlal.
             Slain by Duvessa
             ... wielding a +0 short sword
              (7 damage)
             ... on level 4 of the Dungeon on July 6, 2019.
             The game lasted 00:22:05 (2501 turns).

myga the Insei (Gnoll Transmuter)                   Turns: 2501, Time: 00:22:06

Health: -5/47      AC:  6    Str: 16    XL:     6   Next: 40%
Magic:  6/14       EV: 15    Int: 15    God:    Qazlal [*.....]
Gold:   164        SH:  1    Dex: 16    Spells: 0/15 levels left

rFire    . . .     SeeInvis .     - Unarmed
rCold    . . .     Gourm    .   (no shield)
rNeg     . . .     Faith    .   b - +0 robe
rPois    .         Spirit   .   (no helmet)
rElec    .         Reflect  .   g - +1 cloak {+Inv}
rCorr    .         Harm     .   (no gloves)
MR       .....                  (no boots)
Stlth    ++........             (no amulet)
HPRegen  0.15/turn              p - +2 ring of protection
MPRegen  0.14/turn              A - +2 ring of strength

@: appendage (expiring), very slightly contaminated
A: distributed training, fangs 1, horns 2, strong nose
a: End Transformation, Renounce Religion, Evoke Invisibility


You were on level 4 of the Dungeon.
You worshipped Qazlal.
Qazlal was aware of your devotion.
You were hungry.
You had grown temporary horns.
You visited 1 branch of the dungeon, and saw 4 of its levels.

You collected 164 gold pieces.

Inventory:

Hand Weapons
 k - a +5 dagger of protection
Missiles
 a - 10 arrows
 c - 16 poisoned darts
 o - 114 stones
 x - 4 boomerangs (quivered)
Armour
 b - a +0 robe (worn)
 g - a +1 cloak of invisibility (worn)
 v - a +0 helmet
 w - a +1 scale mail of cold resistance
Jewellery
 e - an uncursed ring of poison resistance
 p - a +2 ring of protection (left hand)
 A - a +2 ring of strength (right hand)
Wands
 s - a wand of digging (3)
 y - a wand of acid (8)
Scrolls
 i - a scroll of amnesia
 n - 2 scrolls of remove curse
 q - a scroll of magic mapping {unknown}
 r - a scroll of immolation {unknown}
 t - 2 scrolls of teleportation
Potions
 h - a potion of brilliance
 j - a potion of lignification
 l - a potion of agility
 u - a potion of flight {unknown}
 z - a potion of haste {unknown}
Comestibles
 d - 7 rations
 f - 3 chunks of flesh


   Skills:
 + Level 3.2 Fighting
 + Level 1.9 Short Blades
 + Level 1.9 Long Blades
 + Level 1.9 Axes
 + Level 1.9 Maces & Flails
 + Level 1.9 Polearms
 + Level 1.9 Staves
 + Level 1.9 Slings
 + Level 1.9 Bows
 + Level 1.9 Crossbows
 + Level 1.9 Throwing
 + Level 1.9 Armour
 + Level 5.0 Dodging
 + Level 1.9 Stealth
 + Level 1.9 Shields
 + Level 6.8 Unarmed Combat
 + Level 5.3 Spellcasting
 + Level 1.5 Conjurations
 + Level 1.5 Hexes
 + Level 1.5 Charms
 + Level 1.5 Summonings
 + Level 1.5 Necromancy
 + Level 1.5 Translocations
 + Level 4.1 Transmutations
 + Level 1.5 Fire Magic
 + Level 1.5 Ice Magic
 + Level 1.5 Air Magic
 + Level 1.5 Earth Magic
 + Level 1.5 Poison Magic
 + Level 2.1 Invocations
 + Level 1.9 Evocations


You couldn't memorise any spells.
You knew the following spells:

 Your Spells              Type           Power        Failure   Level  Hunger
a - Beastly Appendage     Tmut           ###...       3%          1    None
b - Sticks to Snakes      Tmut           ###.....     4%          2    #......
c - Spider Form           Tmut/Pois      ##........   16%         3    ###....
d - Ice Form              Ice/Tmut       ##......     45%         4    ####...
e - Blade Hands           Tmut           ###.......   63%         5    ######.

Your spell library contained the following spells:

 Spells                   Type           Power        Failure   Level  Hunger


Dungeon Overview and Level Annotations

Branches:
Dungeon (4/15)
 Temple: D:4-7

Altars:
Dithmenos
Gozag
Hepliaklqana
Kikubaaqudgha
Qazlal
The Shining One

Annotations:
D:4 Dowan, Duvessa


Innate Abilities, Weirdness & Mutations

Your experience applies equally to all skills.
You have very sharp teeth.
Your uncanny sense of smell can sniff out nearby items.
You have a pair of horns on your head.


Message History

Confirm with . or Enter, or press ? or * to list all spells.
Okay, then.
Casting: Beastly Appendage (safe; 3% risk of failure)
Confirm with . or Enter, or press ? or * to list all spells.
You miscast Spider Form.
You are very lightly contaminated with residual magic.
You feel weak for a moment. Duvessa hits you with a +0 short sword.
* * * LOW HITPOINT WARNING * * *
Duvessa hits you with a +0 short sword!
* * * LOW HITPOINT WARNING * * *
Dowan casts a spell.
Dowan blinks!
Duvessa completely misses you.
Your transformation is almost over.
Duvessa says, "Where magic fails, the sword succeeds!"
Okay, then.
As you read the scroll of fear, it crumbles to dust.
You assume a fearsome visage.
Duvessa resists with some effort.
Duvessa barely misses you. Duvessa hits you with a +0 short sword!
You die...

∆ ### # ..# ### #.# ..#
#.#####.# ..#
#.#.....#######+####
#####...........@.......
...............e#.######
#####...........#.#
.##...#.######'##.#
###.###.######.##.#
.##.# #.....##e.#.#
.##.# #####.###.#.#####.
....# #.###..........
##### #..............


You could see Duvessa and Dowan.

Vanquished Creatures
  A scorpion (D:4)
  Natasha (thrice) (D:2)
  An orc wizard (D:3)
  Robin (D:3)
  5 adders
  An ooze (D:2)
  A worm (D:3)
  A dart slug (D:1)
  3 leopard geckos
  8 orcs (D:3)
  A ball python (D:2)
  10 bats
  9 giant cockroaches
  13 goblins
  6 hobgoblins
  3 quokkas
  2 frilled lizards
  9 kobolds
  10 rats
88 creatures vanquished.

Vanquished Creatures (collateral kills)
  An orc (D:3)
  A goblin (D:3)
  2 hobgoblins (D:3)
  A rat (D:3)
5 creatures vanquished.

Vanquished Creatures (others)
  A frilled lizard (D:2)
1 creature vanquished.

Grand Total: 94 creatures vanquished

Notes
Turn   | Place    | Note
-------+----------+-------------------------------------------
     0 | D:1      | myga the Gnoll Transmuter began the quest for the Orb.
     0 | D:1      | Reached XP level 1. HP: 17/17 MP: 6/6
   119 | D:1      | Reached XP level 2. HP: 23/23 MP: 7/7
   456 | D:1      | Reached XP level 3. HP: 28/28 MP: 7/9
   460 | D:1      | Learned a level 2 spell: Sticks to Snakes
   464 | D:1      | Learned a level 3 spell: Spider Form
   588 | D:1      | Reached skill level 5 in Spellcasting
   647 | D:1      | You fall into a shaft and drop 1 floor!
   671 | D:2      | Reached skill level 1 in Invocations
   845 | D:2      | Reached skill level 1 in Short Blades
   845 | D:2      | Reached skill level 1 in Long Blades
   845 | D:2      | Reached skill level 1 in Axes
   845 | D:2      | Reached skill level 1 in Maces & Flails
   845 | D:2      | Reached skill level 1 in Polearms
   845 | D:2      | Reached skill level 1 in Staves
   845 | D:2      | Reached skill level 1 in Slings
   845 | D:2      | Reached skill level 1 in Bows
   845 | D:2      | Reached skill level 1 in Crossbows
   845 | D:2      | Reached skill level 1 in Throwing
   845 | D:2      | Reached skill level 1 in Armour
   845 | D:2      | Reached skill level 1 in Stealth
   845 | D:2      | Reached skill level 1 in Shields
   845 | D:2      | Reached skill level 1 in Evocations
   886 | D:2      | Found a stormy altar of Qazlal.
   896 | D:2      | Reached XP level 4. HP: 24/34 MP: 9/11
  1072 | D:2      | Became a worshipper of Qazlal Stormbringer
  1143 | D:2      | Noticed Natasha
  1149 | D:2      | Killed Natasha
  1149 | D:2      | Reached skill level 1 in Conjurations
  1149 | D:2      | Reached skill level 1 in Hexes
  1149 | D:2      | Reached skill level 1 in Charms
  1149 | D:2      | Reached skill level 1 in Summonings
  1149 | D:2      | Reached skill level 1 in Necromancy
  1149 | D:2      | Reached skill level 1 in Translocations
  1149 | D:2      | Reached skill level 1 in Fire Magic
  1149 | D:2      | Reached skill level 1 in Ice Magic
  1149 | D:2      | Reached skill level 1 in Air Magic
  1149 | D:2      | Reached skill level 1 in Earth Magic
  1149 | D:2      | Reached skill level 1 in Poison Magic
  1251 | D:2      | Noticed Natasha
  1267 | D:2      | Killed Natasha
  1267 | D:2      | Reached XP level 5. HP: 30/40 MP: 6/12
  1474 | D:2      | Noticed Natasha
  1516 | D:2      | Killed Natasha
  1863 | D:3      | Found an ancient bone altar of Kikubaaqudgha.
  1867 | D:3      | Found a hazy altar of Hepliaklqana.
  1867 | D:3      | Noticed Robin
  1901 | D:3      | Killed Robin
  1904 | D:3      | Reached * piety under Qazlal
  1960 | D:3      | Found an opulent altar of Gozag.
  1962 | D:3      | Found a glowing golden altar of the Shining One.
  2048 | D:3      | Reached XP level 6. HP: 47/47 MP: 10/13
  2395 | D:3      | Learned a level 4 spell: Ice Form
  2401 | D:3      | Learned a level 5 spell: Blade Hands
  2443 | D:4      | Reached skill level 5 in Dodging
  2460 | D:4      | Found a shadowy altar of Dithmenos.
  2471 | D:4      | Noticed Dowan
  2472 | D:4      | Noticed Duvessa
  2497 | D:4      | HP: 2/47 [Duvessa/+0 short sword (10)]
  2501 | D:4      | Slain by Duvessa

Levels and vault maps discovered:
D:1:      lightli_molten_gateway, layout_loops_ring
D:2:      layout_rooms, grunt_qazlal_clouds, uniq_natasha
D:3:      minmay_chambers_of_twos, layout_rooms, grunt_temple_overflow_open,
          uniq_robin
D:4:      layout_basic, chequers_temple_overflow_statue_of_worship,
          first_ration, minmay_door_square, uniq_duvessa

Skill      XL: |  1  2  3  4  5  6 |
---------------+-------------------+-----
Spellcasting   | 5 |  5.3
Invocations    | 1 2 |  2.1
Short Blades   | 1 |  1.9
Long Blades    | 1 |  1.9
Axes           | 1 |  1.9
Maces & Flails | 1 |  1.9
Polearms       | 1 |  1.9
Staves         | 1 |  1.9
Slings         | 1 |  1.9
Bows           | 1 |  1.9
Crossbows      | 1 |  1.9
Throwing       | 1 |  1.9
Armour         | 1 |  1.9
Stealth        | 1 |  1.9
Shields        | 1 |  1.9
Evocations     | 1 |  1.9
Conjurations   | 1 |  1.5
Hexes          | 1 |  1.5
Charms         | 1 |  1.5
Summonings     | 1 |  1.5
Necromancy     | 1 |  1.5
Translocations | 1 |  1.5
Fire Magic     | 1 |  1.5
Ice Magic      | 1 |  1.5
Air Magic      | 1 |  1.5
Earth Magic    | 1 |  1.5
Poison Magic   | 1 |  1.5
Fighting       | 3 |  3.2
Transmutations | 4 |  4.1
Dodging        | 5 |  5.0
Unarmed Combat | |  6.8

Action                   |  1- 3 |  4- 6 || total
-------------------------+-------+-------++-------
Melee: Unarmed           |    90 |   165 ||   255
       Kick              |     7 |     3 ||    10
       Bite              |     8 |     9 ||    17
       Punch             |       |     4 ||     4
       Headbutt          |       |     9 ||     9
Throw: Dart              |     3 |     3 ||     6
       Stone             |     1 |     3 ||     4
 Cast: Beastly Appendage |     5 |     9 ||    14
       Sticks to Snakes  |       |    19 ||    19
  Use: Scroll            |       |     8 ||     8
       Potion            |       |     1 ||     1
 Stab: Sleeping          |     5 |     2 ||     7
       Distracted        |       |     1 ||     1
  Eat: Chunk             |       |     5 ||     5
Armor: Robe              |    20 |    34 ||    54
Dodge: Dodged            |    58 |   115 ||   173
Block: Other             |       |     2 ||     2

Table legend:
 A = Non-vault XP
 B = Vault XP
 C = Vault XP percentage of total XP
 D = Non-vault monster count
 E = Vault monster count
 F = Vault count percentage of total count
                 A         B        C        D         E       F
            +---------+---------+-------+---------+---------+-------
      Total |     358 |      83 |  18.8 |      71 |      22 |  23.7
            +---------+---------+-------+---------+---------+-------
        D:1 |      40 |       0 |   0.0 |      24 |       0 |   0.0
        D:2 |     139 |      33 |  19.2 |      19 |       1 |   5.0
        D:3 |     108 |      50 |  31.6 |      25 |      21 |  45.7
        D:4 |      71 |       0 |   0.0 |       3 |       0 |   0.0
            +---------+---------+-------+---------+---------+-------
